PBL
CHESTER PIRATES @ TROIS-RIVERES AIGLES
07/28/2045
 
TOP OF THE 1ST
Chester Pirates batting - Pitching for Trois-Riveres Aigles : RHP Angelo Mora
Pitching: RHP Angelo Mora
Batting: SHB Don Hauk 0-0: Ball
1-0: Fly out, F7 (Line Drive, 7, EV 85.0 MPH)
Batting: RHB Terrence Wilson 0-0: Ball
1-0: Fly out, F8 (Flyball, 8RM, EV 90.0 MPH)
Batting: RHB Jeff Edwards 0-0: Swinging Strike
0-1: Ground out 5-3 (Groundball, 5S, EV 80.6 MPH)
Top of the 1st over - 0 runs, 0 hits, 0 errors, 0 left on base; Chester 0 - Trois-Riveres 0
BOTTOM OF THE 1ST
Trois-Riveres Aigles batting - Pitching for Chester Pirates : RHP Hitoshi Yoshihara
Pitching: RHP Hitoshi Yoshihara
Batting: LHB Jonathan Spino 0-0: Ball
1-0: Ball
2-0: Foul Ball, location: 2F
2-1: Foul Ball, location: 2F
2-2: Foul Ball, location: 2F
2-2: Strikes out swinging
Batting: RHB Josh Harmon 0-0: Called Strike
0-1: SINGLE (Groundball, 4MD, EV 108.1 MPH)
Batting: LHB Rich Matthews 0-0: Called Strike
0-1: Swinging Strike
0-2: Ball
1-2: SINGLE (Groundball, 3D, EV 97.5 MPH)
Josh Harmon to second
Runner from 2nd tries for 3rd, SAFE, throw by RF made to third
Batting: LHB Tony Zizumbo 0-0: Called Strike
0-1: Foul Ball, location: 2F
0-2: Foul Ball, location: 2F
0-2: Ball
1-2: Strikes out swinging
Batting: RHB Alex Diaz 0-0: Called Strike
0-1: Swinging Strike
0-2: Ball
1-2: Foul Ball, location: 2F
1-2: Strikes out swinging
Bottom of the 1st over - 0 runs, 2 hits, 0 errors, 2 left on base; Chester 0 - Trois-Riveres 0
TOP OF THE 2ND
Chester Pirates batting - Pitching for Trois-Riveres Aigles : RHP Angelo Mora
Batting: RHB Tim Moore 0-0: SINGLE (Line Drive, 78S, EV 88.1 MPH)
Batting: LHB Dustin Herman 0-0: Ball
1-0: Called Strike
1-1: Ball
2-1: Foul Ball, location: 2F
2-2: Ball
3-2: Strikes out swinging
Tim Moore steals 2nd base
Batter strikes out.
Batting: LHB Chad Cutler 0-0: Called Strike
0-1: Foul Ball, location: 2F
0-2: Ball
1-2: SINGLE (Line Drive, 7S, EV 110.0 MPH)
Tim Moore to third
Runner from 3rd tries for Home, SAFE, throw by LF to home
Batting: RHB Dan Kurtz 0-0: Foul Ball, location: 2F
0-1: Ball
1-1: Grounds into double play, U6-3 (Groundball, P, EV 80.0 MPH)
Top of the 2nd over - 1 run, 2 hits, 0 errors, 0 left on base; Chester 1 - Trois-Riveres 0
BOTTOM OF THE 2ND
Trois-Riveres Aigles batting - Pitching for Chester Pirates : RHP Hitoshi Yoshihara
Batting: RHB Dave Galloway 0-0: Foul Ball, location: 2F
0-1: Fly out, F9 (Flyball, 9S, EV 82.5 MPH)
Batting: RHB Jason Penfield 0-0: Ball
1-0: Ball
2-0: Called Strike
2-1: SINGLE (Groundball, 6D, EV 107.5 MPH)
Batting: RHB John Downing 0-0: Ball
1-0: Ball
2-0: Ball
3-0: Called Strike
3-1: Base on Balls
Jason Penfield to second
Batting: RHB Wan-ling Zhu 0-0: Called Strike
0-1: Called Strike
0-2: Ball
1-2: Foul Ball, location: 2F
1-2: Strikes out swinging
Batting: LHB Jonathan Spino 0-0: Ball
1-0: Called Strike
1-1: Ball
2-1: Ball
3-1: Called Strike
3-2: Base on Balls
Jason Penfield to third
John Downing to second
Batting: RHB Josh Harmon 0-0: Ball
1-0: Called Strike
1-1: Foul Ball, location: 2F
1-2: Strikes out swinging
Bottom of the 2nd over - 0 runs, 1 hit, 0 errors, 3 left on base; Chester 1 - Trois-Riveres 0
TOP OF THE 3RD
Chester Pirates batting - Pitching for Trois-Riveres Aigles : RHP Angelo Mora
Batting: RHB Steve Terres 0-0: Ball
1-0: Called Strike
1-1: Ball
2-1: Swinging Strike
2-2: Foul Ball, location: 2F
2-2: Fly out, F8 (Flyball, 8LD, EV 86.2 MPH)
Batting: RHB Erik Mulligan 0-0: Called Strike
0-1: Called Strike
0-2: Strikes out swinging
Batting: SHB Don Hauk 0-0: Ball
1-0: Swinging Strike
1-1: Foul Ball, location: 2F
1-2: Ball
2-2: Foul Ball, location: 2F
2-2: Fly out, F5 (Popup, 5F, EV 77.5 MPH)
Top of the 3rd over - 0 runs, 0 hits, 0 errors, 0 left on base; Chester 1 - Trois-Riveres 0
BOTTOM OF THE 3RD
Trois-Riveres Aigles batting - Pitching for Chester Pirates : RHP Hitoshi Yoshihara
Batting: LHB Rich Matthews 0-0: Called Strike
0-1: Called Strike
0-2: Ball
1-2: Ball
2-2: Ball
3-2: Foul Ball, location: 2F
3-2: Base on Balls
Batting: LHB Tony Zizumbo Pickoff Throw to First - Out! 1-3
0-0: Called Strike
0-1: Swinging Strike
0-2: Foul Ball, location: 2F
0-2: Ball
1-2: SINGLE (Groundball, 34D, EV 102.5 MPH)
Batting: RHB Alex Diaz 0-0: Ball
1-0: Foul Ball, location: 2F
1-1: Foul Ball, location: 2F
1-2: SINGLE (Groundball, P, EV 80.0 MPH) (infield hit)
Tony Zizumbo to second
Batting: RHB Dave Galloway 0-0: Ball
1-0: Called Strike
1-1: Swinging Strike
1-2: Ball
2-2: Fly out, F8 (Flyball, 78M, EV 97.5 MPH)
Batting: RHB Jason Penfield 0-0: Swinging Strike
0-1: Ball
1-1: Called Strike
1-2: Foul Ball, location: 2F
1-2: SINGLE (Groundball, 6MD, EV 108.1 MPH)
Tony Zizumbo to third
Alex Diaz to second
Runner from 3rd tries for Home, SAFE, throw by CF to home
Pitching: RHP Kyle Davis
Batting: RHB John Downing 0-0: Ball
1-0: Ground out U3 (Groundball, 34, EV 85.6 MPH)
Bottom of the 3rd over - 1 run, 3 hits, 0 errors, 2 left on base; Chester 1 - Trois-Riveres 1
TOP OF THE 4TH
Chester Pirates batting - Pitching for Trois-Riveres Aigles : RHP Angelo Mora
Batting: RHB Terrence Wilson 0-0: Foul Ball, location: 2F
0-1: Ball
1-1: DOUBLE (Line Drive, 89XD, EV 104.4 MPH)
Batting: RHB Jeff Edwards 0-0: Ball
1-0: Ball
2-0: Called Strike
2-1: Foul Ball, location: 2F
2-2: Ground out 5-3 (Groundball, 56, EV 90.6 MPH)
Batting: RHB Tim Moore 0-0: Foul Ball, location: 2F
0-1: Called Strike
0-2: Ball
1-2: DOUBLE (Line Drive, 8LD, EV 91.2 MPH)
Terrence Wilson scores
Batting: LHB Dustin Herman 0-0: Swinging Strike
0-1: Ground out 4-3 (Groundball, 4, EV 88.8 MPH)
Tim Moore to third
Batting: LHB Chad Cutler 0-0: Ball
1-0: Foul Ball, location: 2F
1-1: Ball
2-1: Ball
3-1: Base on Balls
Batting: RHB Dan Kurtz 0-0: Called Strike
0-1: Ball
1-1: Ball
2-1: Ball
3-1: Swinging Strike
3-2: Foul Ball, location: 2F
3-2: SINGLE (Flyball, 7LS, EV 92.5 MPH)
Tim Moore scores
Chad Cutler to second
Chad Cutler to third
Batting: RHB Steve Terres 0-0: Ball
1-0: Ball
2-0: Swinging Strike
2-1: Swinging Strike
2-2: Ball
3-2: Strikes out swinging
Top of the 4th over - 2 runs, 3 hits, 0 errors, 2 left on base; Chester 3 - Trois-Riveres 1
BOTTOM OF THE 4TH
Trois-Riveres Aigles batting - Pitching for Chester Pirates : RHP Kyle Davis
Batting: RHB Wan-ling Zhu 0-0: Foul Ball, location: 2F
0-1: Ground out 6-3 (Groundball, 56, EV 89.4 MPH)
Batting: LHB Jonathan Spino 0-0: Foul Ball, location: 2F
0-1: Foul Ball, location: 2F
0-2: Ball
1-2: Ball
2-2: Ball
3-2: Base on Balls
Batting: RHB Josh Harmon 0-0: Ball
1-0: Foul Ball, location: 2F
1-1: Reached on error, E6 (Groundball, 6, EV 95.6 MPH)
Jonathan Spino to second
Batting: LHB Rich Matthews 0-0: Fly out, F6 (Popup, 15S, EV 93.8 MPH)
Batting: LHB Tony Zizumbo 0-0: Called Strike
0-1: Foul Ball, location: 2F
0-2: Ball
1-2: SINGLE (Groundball, 25, EV 66.2 MPH) (infield hit)
Jonathan Spino to third
Josh Harmon to second
Batting: RHB Alex Diaz 0-0: Called Strike
0-1: Ball
1-1: Ball
2-1: Ball
3-1: Foul Ball, location: 2F
3-2: Reached on error, E6 (Groundball, 6, EV 81.2 MPH)
Jonathan Spino scores
Josh Harmon to third
Tony Zizumbo to second
Pinch Hitting: SHB Ray Luna 0-0: Ball
1-0: Called Strike
1-1: Fly out, F7 (Line Drive, 7, EV 93.8 MPH)
Bottom of the 4th over - 1 run, 1 hit, 2 errors, 3 left on base; Chester 3 - Trois-Riveres 2
TOP OF THE 5TH
Chester Pirates batting - Pitching for Trois-Riveres Aigles : RHP Angelo Mora
Now at 1B: Dave Northam
Batting: RHB Erik Mulligan 0-0: Called Strike
0-1: Foul Ball, location: 2F
0-2: Foul Ball, location: 2F
0-2: Ball
1-2: Strikes out swinging
Batting: SHB Don Hauk 0-0: Ball
1-0: Called Strike
1-1: Ball
2-1: Called Strike
2-2: Foul Ball, location: 2F
2-2: Fly out, F9 (Flyball, 9LS, EV 94.4 MPH)
Batting: RHB Terrence Wilson 0-0: Called Strike
0-1: Ball
1-1: Swinging Strike
1-2: SINGLE (Groundball, 15S, EV 70.0 MPH) (infield hit)
Batting: RHB Jeff Edwards 0-0: Ball
Terrence Wilson steals 2nd base
1-0: Foul Ball, location: 2F
1-1: Fly out, F5 (Popup, 5F, EV 73.8 MPH)
Top of the 5th over - 0 runs, 1 hit, 0 errors, 1 left on base; Chester 3 - Trois-Riveres 2
BOTTOM OF THE 5TH
Trois-Riveres Aigles batting - Pitching for Chester Pirates : RHP Kyle Davis
Batting: RHB Jason Penfield 0-0: Called Strike
0-1: Ball
1-1: Ball
2-1: Fly out, F7 (Flyball, 7S, EV 83.8 MPH)
Batting: RHB John Downing 0-0: Ball
1-0: Swinging Strike
1-1: Foul Ball, location: 2F
1-2: Foul Ball, location: 2F
1-2: Strikes out swinging
Batting: RHB Wan-ling Zhu 0-0: Foul Ball, location: 2F
0-1: Foul Ball, location: 2F
0-2: Ball
1-2: Strikes out looking
Bottom of the 5th over - 0 runs, 0 hits, 0 errors, 0 left on base; Chester 3 - Trois-Riveres 2
TOP OF THE 6TH
Chester Pirates batting - Pitching for Trois-Riveres Aigles : RHP Angelo Mora
Batting: RHB Tim Moore 0-0: Called Strike
0-1: Ground out 4-3 (Groundball, 34, EV 85.0 MPH)
Batting: LHB Dustin Herman 0-0: Ball
1-0: Swinging Strike
1-1: Foul Ball, location: 2F
1-2: Ball
2-2: Strikes out swinging
Batting: LHB Chad Cutler 0-0: Called Strike
0-1: Ball
1-1: Ball
2-1: Ball
3-1: Base on Balls
Batting: RHB Dan Kurtz 0-0: Called Strike
Pickoff Throw by Catcher to First - Out!
Top of the 6th over - 0 runs, 0 hits, 0 errors, 0 left on base; Chester 3 - Trois-Riveres 2
BOTTOM OF THE 6TH
Trois-Riveres Aigles batting - Pitching for Chester Pirates : RHP Kyle Davis
Pitching: RHP Fred McIlrath
Batting: LHB Jonathan Spino 0-0: Called Strike
0-1: Foul Ball, location: 2F
0-2: Ball
1-2: Ground out 3-1 (Groundball, 34, EV 80.0 MPH)
Batting: RHB Josh Harmon 0-0: Ball
1-0: Fly out, F7 (Flyball, 7D, EV 75.0 MPH)
Batting: LHB Rich Matthews 0-0: Ball
1-0: Called Strike
1-1: Ball
2-1: Foul Ball, location: 2F
2-2: Strikes out swinging
Bottom of the 6th over - 0 runs, 0 hits, 0 errors, 0 left on base; Chester 3 - Trois-Riveres 2
TOP OF THE 7TH
Chester Pirates batting - Pitching for Trois-Riveres Aigles : RHP Angelo Mora
Batting: RHB Dan Kurtz 0-0: Ball
1-0: Foul Ball, location: 2F
1-1: Ball
2-1: Ball
3-1: Base on Balls
Batting: RHB Steve Terres 0-0: Ball
1-0: Ball
2-0: Sac Bunt to 25 - play at first, batter OUT! 5-4
Dan Kurtz to second
Pitching: LHP Ryan Folks
Batting: RHB Erik Mulligan 0-0: Foul Ball, location: 2F
0-1: Ball
1-1: Swinging Strike
1-2: Ball
2-2: Foul Ball, location: 2F
2-2: Ball
3-2: Strikes out swinging
Batting: SHB Don Hauk 0-0: Called Strike
0-1: Ball
1-1: Swinging Strike
1-2: Strikes out swinging
Top of the 7th over - 0 runs, 0 hits, 0 errors, 1 left on base; Chester 3 - Trois-Riveres 2
BOTTOM OF THE 7TH
Trois-Riveres Aigles batting - Pitching for Chester Pirates : RHP Fred McIlrath
Pitching: LHP Juan Villegas
Now at 1B: Dustin Herman
Now in LF: Melvin Durland
Now in CF: Don Hauk
Batting: LHB Tony Zizumbo 0-0: Swinging Strike
0-1: Foul Ball, location: 2F
0-2: Foul Ball, location: 2F
0-2: Foul Ball, location: 2F
0-2: Ball
1-2: Ball
2-2: Ground out 6-3 (Groundball, 6, EV 103.1 MPH)
Batting: RHB Alex Diaz 0-0: SINGLE (Line Drive, 7S, EV 94.4 MPH)
Batting: LHB Dave Northam 0-0: Ball
1-0: Called Strike
1-1: Foul Ball, location: 2F
1-2: Foul Ball, location: 2F
1-2: Fielders Choice at 2nd, 1-4 (Groundball, 15S, EV 61.9 MPH)
Batting: RHB Jason Penfield 0-0: Ball
1-0: Called Strike
Dave Northam steals 2nd base
1-1: Called Strike
1-2: Ball
2-2: Foul Ball, location: 2F
2-2: Ground out 6-3 (Groundball, 6, EV 76.9 MPH)
Bottom of the 7th over - 0 runs, 1 hit, 0 errors, 1 left on base; Chester 3 - Trois-Riveres 2
TOP OF THE 8TH
Chester Pirates batting - Pitching for Trois-Riveres Aigles : LHP Ryan Folks
Batting: RHB Terrence Wilson 0-0: Ball
1-0: Foul Ball, location: 2F
1-1: Ground out 6-3 (Groundball, 6, EV 96.2 MPH)
Batting: RHB Jeff Edwards 0-0: Called Strike
0-1: Called Strike
0-2: Strikes out swinging
Batting: RHB Melvin Durland 0-0: Ball
1-0: Called Strike
1-1: Foul Ball, location: 2F
1-2: Strikes out swinging
Top of the 8th over - 0 runs, 0 hits, 0 errors, 0 left on base; Chester 3 - Trois-Riveres 2
BOTTOM OF THE 8TH
Trois-Riveres Aigles batting - Pitching for Chester Pirates : LHP Juan Villegas
Pitching: RHP Justin Rousell
Batting: RHB John Downing 0-0: Foul Ball, location: 2F
0-1: Called Strike
0-2: Strikes out swinging
Pinch Hitting: RHB Kyler Seitz 0-0: Ball
1-0: Swinging Strike
1-1: Ball
2-1: Ball
3-1: Foul Ball, location: 2F
3-2: Base on Balls
Pitching: RHP Otok Barleyfoot
Batting: LHB Jonathan Spino 0-0: Ball
1-0: Called Strike
1-1: SINGLE (Flyball, 6MD, EV 93.8 MPH)
Kyler Seitz to second
Batting: LHB Oscar Curiel 0-0: Foul Ball, location: 2F
0-1: Fly out, F8 (Line Drive, 8LM, EV 88.1 MPH)
Batting: LHB Rich Matthews 0-0: Ball
1-0: Called Strike
1-1: Called Strike
1-2: Strikes out swinging
Bottom of the 8th over - 0 runs, 1 hit, 0 errors, 2 left on base; Chester 3 - Trois-Riveres 2
TOP OF THE 9TH
Chester Pirates batting - Pitching for Trois-Riveres Aigles : LHP Ryan Folks
Pitching: RHP Bobby Valenzuela
Now at 3B: Alex Koral
Batting: LHB Dustin Herman 0-0: Ball
1-0: Ball
2-0: Called Strike
2-1: Foul Ball, location: 2F
2-2: SINGLE (Groundball, 34D, EV 104.4 MPH)
Batting: LHB Chad Cutler 0-0: Hit by Pitch
Dustin Herman to second
Pinch Hitting: LHB Carlos Vega 0-0: Ball
1-0: 3-RUN HOME RUN (Flyball, 9LD, EV 99.4 MPH), Distance : 351 ft
Batting: RHB Steve Terres 0-0: Ball
1-0: Called Strike
1-1: Ball
2-1: Swinging Strike
2-2: Ball
3-2: Foul Ball, location: 2F
3-2: Foul Ball, location: 2F
3-2: Foul Ball, location: 2F
3-2: Foul Ball, location: 2F
3-2: Foul Ball, location: 2F
3-2: Ground out 6-3 (Groundball, 6S, EV 66.2 MPH)
Batting: RHB Erik Mulligan 0-0: Called Strike
0-1: Ball
1-1: Ball
2-1: Ground out 1-3 (Groundball, 13, EV 65.0 MPH)
Batting: SHB Don Hauk 0-0: Foul Ball, location: 2F
0-1: Foul Ball, location: 2F
0-2: Ball
1-2: Ball
2-2: Ground out 6-3 (Groundball, 6M, EV 85.0 MPH)
Top of the 9th over - 3 runs, 2 hits, 0 errors, 0 left on base; Chester 6 - Trois-Riveres 2
BOTTOM OF THE 9TH
Trois-Riveres Aigles batting - Pitching for Chester Pirates : RHP Otok Barleyfoot
Now at 3B: Ken Manser
Batting: LHB Tony Zizumbo 0-0: Called Strike
0-1: Ball
1-1: Called Strike
1-2: Strikes out swinging
Batting: RHB Alex Diaz 0-0: Called Strike
0-1: Foul Ball, location: 2F
0-2: Foul Ball, location: 2F
0-2: Strikes out swinging
Batting: LHB Dave Northam 0-0: Ball
1-0: Ball
2-0: Foul Ball, location: 2F
2-1: Called Strike
2-2: Foul Ball, location: 2F
2-2: Ball
3-2: Ground out 6-3 (Groundball, 6, EV 81.2 MPH)
Bottom of the 9th over - 0 runs, 0 hits, 0 errors, 0 left on base; Chester 6 - Trois-Riveres 2
Wednesday, June 22nd , 2022 - OOTP Baseball 23.4 Build 64